 Dungeon Crawl Stone Soup version 0.25-a0-613-gf4b266557c (webtiles) character file.

Game seed: 4342459038321113134, levelgen mode: deterministic

839 Mobile the Skirmisher (level 8, 0/87 HPs)
             Began as an Octopode Wanderer on Mar 17, 2020.
             Slain by Edmund
             ... wielding a +3 dire flail of protection
              (5 damage)
             ... on level 5 of the Dungeon.
             The game lasted 00:09:46 (4213 turns).

Mobile the Skirmisher (Octopode Wanderer)           Turns: 4213, Time: 00:09:47

Health: 0/87       AC: 24    Str:  9      XL:     8   Next: 0%
Magic:  9/9        EV:  2    Int: 20      God:
Gold:   215        SH:  0    Dex: 12 (13) Spells: 9/9 levels left

rFire    . . .     SeeInvis .   a - +2 quarterstaff
rCold    . . .     Gourm    +   (shield currently unavailable)
rNeg     + + +     Faith    .   (helmet currently unavailable)
rPois    +         Spirit   .   h - amulet of the gourmand
rElec    .         Reflect  .   l - +3 ring of intelligence
rCorr    .         Harm     .   (no ring)
MR       .....     NoTele   +   g - ring of flight
Stlth    ++........             (no ring)
HPRegen  0.24/turn              (no ring)
MPRegen  0.11/turn              (no ring)
                                (no ring)
                                (no ring)

@: mighty, tree-form, very slightly contaminated, invisible
A: almost no armour, stealthy swim, (amphibious), 8 rings, (constrict 8)
a: no special abilities


You were on level 5 of the Dungeon.
You were very full.
You were a tree.
You visited 1 branch of the dungeon, and saw 5 of its levels.

You collected 215 gold pieces.

Inventory:

Hand Weapons
 a - a +2 quarterstaff (weapon)
 d - a +0 dagger
 j - a +1 whip of flaming
 t - a +1 dagger of venom
Magical Staves
 x - an uncursed staff of summoning
Jewellery
 b - an uncursed amulet of regeneration {unknown}
 g - a ring of flight (on tentacle)
 h - an amulet of the gourmand (around neck)
 l - a +3 ring of intelligence (left branch)
 q - an uncursed ring of fire
Scrolls
 e - 4 scrolls of identify
 k - 4 scrolls of remove curse
 m - a scroll of random uselessness {unknown}
 n - a scroll of enchant weapon {unknown}
 r - a scroll of fog {unknown}
 s - a scroll of immolation {unknown}
 u - 2 scrolls of blinking {unknown}
Potions
 c - 3 potions of curing
 p - 2 potions of degeneration
Comestibles
 f - 4 rations


   Skills:
 + Level 6.8 Fighting
 + Level 6.4 Staves
 - Level 2.6 Stealth
 - Level 1.0 Spellcasting
   Level 1.0 Summonings
   Level 1.2 Poison Magic


You had 9 spell levels left.
You didn't know any spells.
Your spell library was empty.

Dungeon Overview and Level Annotations

Branches:
Dungeon (5/15)
 Temple: D:4-7

Altars:
Fedhas
Okawaru
Qazlal
Ru
Vehumet
Xom
Zin
The Shining One

Annotations:
D:4 1 runed translucent door, exclusion: oklob plant, stillor's ghost, novice DsGl
D:5 Edmund


Innate Abilities, Weirdness & Mutations

You cannot wear most types of armour.
You are very stealthy in the water. (Stealth+)
((You are amphibious.))
You can wear up to eight rings at the same time.
((You can use your tentacles to constrict eight enemies at once.))
((Your skin changes colour to match your surroundings (Stealth+).))
((Your rubbery body absorbs attacks. (AC +1, EV +1)))


Message History

You completely miss Edmund.
Edmund is heavily wounded.
You feel less invigorated.
You feel less confused.
You swing at nothing.
The centaur shoots an arrow.
The arrow hits you but does no damage.
You swing at nothing.
The centaur shoots an arrow.
The arrow hits you.
* * * LOW HITPOINT WARNING * * *
The centaur shoots an arrow.
The arrow hits you.
* * * LOW HITPOINT WARNING * * *
You swing at nothing.
The centaur shoots an arrow.
The arrow hits you but does no damage.
You swing at nothing.
The centaur shoots an arrow.
The arrow barely misses you.
The centaur shoots an arrow.
The arrow hits you but does no damage.
You swing at nothing.
Edmund shouts!
You sock Edmund!
Edmund is almost dead.
Edmund hits you with a +3 dire flail of protection.
You die...

#####........#
######.###.#.##
#........#[..# .#
#........##..##.#
#........##.....# #
+........##..##.#.# .#
#........##..# .#.#..#
#........##..##.......
.....(....♣@c.(........
##........####((##.#...
#........# #((.......
#........# ##...c....
........# #........
........# #....c#.#
...###+## ......... ..
..#.((#.# .........


You could see Edmund and a centaur.

Vanquished Creatures
  2 ogres
  A big kobold (D:3)
  A howler monkey (D:5)
  A crimson imp (D:5)
  A quasit (D:5)
  A bullfrog skeleton (D:3)
  An orc priest (D:4)
  A centaur skeleton (D:4)
  2 hounds
  4 orc wizards
  2 worker ants (D:4)
  Natasha (twice) (D:3)
  A hound skeleton (D:4)
  4 adders
  An ooze (D:3)
  4 worms
  3 leopard geckos
  11 orcs
  2 bats
  2 giant cockroaches
  9 goblins
  11 hobgoblins
  3 jackals (D:3)
  A quokka (D:3)
  A ball python (D:1)
  8 frilled lizards
  4 kobolds
  9 rats
93 creatures vanquished.

Notes
Turn   | Place    | Note
-------+----------+-------------------------------------------
     0 | D:1      | Mobile the Octopode Wanderer began the quest for the Orb.
     0 | D:1      | Mobile set off with the following items: a +2 quarterstaff,
                  | a scroll of teleportation, a potion of curing, a +0 dagger,
                  | a ration
     0 | D:1      | Reached XP level 1. HP: 16/16 MP: 2/2
   155 | D:1      | Reached XP level 2. HP: 10/21 MP: 3/3
   978 | D:2      | Found a shimmering altar of Xom.
  1030 | D:2      | Reached XP level 3. HP: 25/26 MP: 4/4
  1223 | D:2      | Found a faded altar of an unknown god.
  1560 | D:2      | Found a glowing silver altar of Zin.
  1560 | D:2      | Found a stormy altar of Qazlal.
  1560 | D:2      | Found a glowing golden altar of the Shining One.
  1563 | D:2      | Found a radiant altar of Vehumet.
  1569 | D:2      | Found an iron altar of Okawaru.
  1686 | D:3      | Reached XP level 4. HP: 33/33 MP: 5/5
  1961 | D:3      | Noticed Natasha
  2313 | D:3      | Noticed a big kobold
  2322 | D:3      | Killed a big kobold
  2322 | D:3      | Reached XP level 5. HP: 30/38 MP: 6/6
  2491 | D:3      | Killed Natasha
  2491 | D:3      | Reached skill level 5 in Fighting
  2508 | D:3      | Reached XP level 6. HP: 30/45 MP: 7/7
  2594 | D:3      | Found a sacrificial altar of Ru.
  2685 | D:3      | Noticed Natasha
  2691 | D:3      | Killed Natasha
  2996 | D:4      | Reached skill level 5 in Staves
  3012 | D:4      | Reached XP level 7. HP: 24/51 MP: 8/8
  3307 | D:4      | Found a blossoming altar of Fedhas.
  3328 | D:4      | Noticed an oklob plant
  3380 | D:4      | Found a runed translucent door.
  3383 | D:4      | Noticed stillor's ghost (novice DsGl)
  3652 | D:5      | Entered Level 5 of the Dungeon
  4155 | D:5      | Reached XP level 8. HP: 51/58 MP: 9/9
  4183 | D:5      | Noticed Edmund
  4209 | D:5      | HP: 4/87 [centaur/arrow (5)]
  4213 | D:5      | Slain by Edmund

Levels and vault maps discovered:
D:1:      nicolae_arrival_washed_ashore, layout_basic
D:2:      layout_basic, xom_teletrap_fun, minitemple,
          chequers_ecumenical_altar_simple, minmay_between
D:3:      layout_basic, nicolae_ru_path_of_blood, first_ration, uniq_natasha
D:4:      layout_basic, tgw_fedhas, hellmonk_ghost_happy_afterlife,
          grunt_ministairs_5
D:5:      layout_basic, lemuel_blue_sif_altar, ashenzari_conservatory_becter,
          minmay_temple_entry_junction, nemelex_lonely_heart_becter, uniq_edmund

Skill      XL: |  1  2  3  4  5  6  7 |
---------------+----------------------+-----
Staves         | 3 4 5 6 |  6.4
Fighting       | 4 5 6 |  6.8
Stealth        | |  2.6
Spellcasting   | |  1.0
Summonings     | |  1.0
Poison Magic   | |  1.2

Action                   |  1- 3 |  4- 6 |  7- 9 || total
-------------------------+-------+-------+-------++-------
Melee: Quarterstaff      |    67 |    84 |    61 ||   212
       Constrict         |    14 |    21 |    14 ||    49
       Tentacles         |     9 |    13 |     9 ||    31
Throw: Dart              |       |       |     6 ||     6
  Use: Scroll            |     6 |     1 |       ||     7
       Potion            |       |       |     5 ||     5
 Stab: Sleeping          |     9 |     3 |     2 ||    14
       Distracted        |       |       |     2 ||     2
  Eat: Chunk             |     6 |     8 |     6 ||    20
Armor: Skin              |     4 |     5 |    11 ||    20
Dodge: Dodged            |    38 |    57 |    46 ||   141

Table legend:
 A = Non-vault XP
 B = Vault XP
 C = Vault XP percentage of total XP
 D = Non-vault monster count
 E = Vault monster count
 F = Vault count percentage of total count
                 A         B        C        D         E       F
            +---------+---------+-------+---------+---------+-------
      Total |    1111 |      88 |   7.3 |      88 |       5 |   5.4
            +---------+---------+-------+---------+---------+-------
        D:1 |      30 |       0 |   0.0 |      19 |       0 |   0.0
        D:2 |      45 |       4 |   8.2 |      17 |       2 |  10.5
        D:3 |     278 |      32 |  10.3 |      27 |       1 |   3.6
        D:4 |     352 |      52 |  12.9 |      14 |       2 |  12.5
        D:5 |     406 |       0 |   0.0 |      11 |       0 |   0.0
            +---------+---------+-------+---------+---------+-------
